 Dungeon Crawl Stone Soup version 0.28.0-53-g5a82cb258f (webtiles) character file.

Game seed: 7741249953648268522

21 Plasmagod the Chopper (level 2, 25/25 HPs)
             Began as a Minotaur Gladiator on July 19, 2022.
             Was a Follower of Sif Muna.
             Quit the game on level 1 of the Dungeon.
             The game lasted 00:01:17 (505 turns).

Plasmagod the Chopper (Minotaur Gladiator)           Turns: 505, Time: 00:01:17

Health: 25/25      AC:  3    Str: 18    XL:     2   Next: 62%
Magic:  1/1        EV: 12    Int:  5    God:    Sif Muna [*.....]
Gold:   21         SH:  0    Dex: 11    Spells: 1/1 levels left

rFire   . . .      SeeInvis .   a - +0 war axe
rCold   . . .      Faith    .   (no shield)
rNeg    . . .      Spirit   .   b - +0 leather armour
rPois   .          Reflect  .   c - +0 hat
rElec   .          Harm     .   (no cloak)
rCorr   .          Rampage  .   (no gloves)
Will    +....                   (no boots)
Stlth   +.........              (no amulet)
HPRegen 0.08/turn               e - ring of willpower
MPRegen 0.07/turn               (no ring)

@: no status effects
A: horns 2, retaliatory headbutt
a: Renounce Religion, Channel Magic


You were on level 1 of the Dungeon.
You worshipped Sif Muna.
Sif Muna was aware of your devotion.
You visited 1 branch of the dungeon, and saw 1 of its levels.

You collected 21 gold pieces.

Inventory:

Hand Weapons
 a - a +0 war axe (weapon)
Missiles
 d - 3 throwing nets (quivered)
Armour
 b - a +0 leather armour (worn)
 c - a +0 hat (worn)
Jewellery
 e - a ring of willpower (left hand)
Scrolls
 f - a scroll of fear {unknown}
Potions
 g - 3 potions of curing {unknown}
 h - a potion of flight {unknown}


   Skills:
 + Level 2.6 Fighting
 + Level 4.1 Axes
 + Level 2.1 Throwing
 + Level 0.2 Armour
 + Level 3.7 Dodging


You had one spell level left.
You didn't know any spells.
Your spell library contained the following spells:

 Spells                   Type           Power      Damage    Failure   Level
 Corpse Rot               Necr/Air       0%         N/A       67%         2
 Poisonous Vapours        Pois/Air       0%         N/A       67%         2


Dungeon Overview and Level Annotations

Branches:
Dungeon (1/15)

Altars:
Sif Muna


Innate Abilities, Weirdness & Mutations

You have a pair of horns on your head.
You reflexively headbutt those who attack you in melee.


Message History

You hit the goblin.
You kill the goblin!
No target in view!
You see here a +0 dagger.
h - a fizzy pink potion A goblin comes into view.
It is wielding a +0 dagger.
The goblin shouts!
You barely miss the goblin. The goblin hits you but does no damage.
The goblin hits you with a +0 dagger.
You closely miss the goblin. The goblin hits you but does no damage.
You barely miss the goblin. The goblin hits you with a +0 dagger.
You hit the goblin but do no damage. The goblin hits you with a +0 dagger.
The goblin barely misses you. You furiously retaliate!
You headbutt the goblin.
You kill the goblin!
No target in view!
A quokka comes into view.
A kobold comes into view. It is wielding a +0 dagger.
The kobold shouts!
You hit the quokka.
You kill the quokka!
You closely miss the kobold. The kobold hits you with a +0 dagger.
You barely miss the kobold. The kobold barely misses you.
The kobold hits you but does no damage.
You closely miss the kobold. Your headbutt misses the kobold.
The kobold barely misses you. You furiously retaliate!
You headbutt the kobold.
You kill the kobold!
No target in view!
Things that are here:
a +0 dagger; a kobold corpse
Found a faded altar of an unknown god.
You enter the shallow water.
Moving in this stuff is going to be slow.
Found a scroll labelled JUYM DEDAMM.
Found a fizzy sapphire potion.
There is a faded altar of an unknown god here.
You cannot tell which god this altar belongs to.
Convert to them anyway?
Sif Muna accepts your prayer! Sif Muna welcomes you!
You can now call upon Sif Muna for magical energy.
Are you sure you want to abandon this character and quit the game? (Confirm with "yes".)

######.......#
#..........#########
#.####..≈.≈≈≈.≈.≈..#
#......≈......#
#..≈≈≈≈≈≈≈≈≈≈≈#
#..≈≈≈≈≈≈≈≈≈..#
#..≈≈≈≈≈≈≈≈≈≈.#
#≈≈≈≈≈≈.≈≈≈≈≈.#
#..≈≈≈♣@≈≈≈≈?.#
#.≈≈≈≈≈..♣≈≈≈≈.#
#...≈≈≈≈≈≈≈≈≈..#
....≈≈≈≈≈≈≈≈≈≈≈.#
##.≈≈≈≈≈≈≈≈≈≈ ≈.#
#...≈.≈.≈..≈. .#
##.≈.≈.≈..≈!.. #
...###########


There were no monsters in sight!

Vanquished Creatures
  A ball python (D:1)
  4 goblins (D:1)
  2 hobgoblins (D:1)
  4 kobolds (D:1)
  2 quokkas (D:1)
  3 bats (D:1)
  A rat (D:1)
17 creatures vanquished.

Notes
Turn   | Place    | Note
-------+----------+-------------------------------------------
     0 | D:1      | Plasmagod the Minotaur Gladiator began the quest for the
                  | Orb.
     0 | D:1      | Reached XP level 1. HP: 18/18 MP: 0/0
    76 | D:1      | Reached skill level 4 in Axes
    76 | D:1      | Reached XP level 2. HP: 23/25 MP: 1/1
   496 | D:1      | Found a faded altar of an unknown god.
   504 | D:1      | Prayed at the altar of an unknown god.
   504 | D:1      | Became a worshipper of Sif Muna the Loreminder
   504 | D:1      | Reached * piety under Sif Muna
   505 | D:1      | Quit the game

Illustrated notes

Levels and vault maps discovered:
D:1:      minmay_arrival_doors, layout_loops_ring,
          chequers_ecumenical_altar_island

Skill      XL: |  1 |
---------------+----+-----
Axes           | 4 |  4.1
Fighting       | |  2.6
Throwing       | |  2.1
Armour         | |  0.2
Dodging        | |  3.7

Action                   || total
-------------------------++-------
Melee: War axe           ||    30
       Headbutt          ||     1
       Punch             ||     1
Armor: Leather armour    ||     7
Dodge: Dodged            ||    16
